 Dungeon Crawl Stone Soup version 0.28.0-53-g5a82cb258f (webtiles) character file.

Game seed: 3075843354613170442

94 tizbic2 the Shield-Bearer (level 4, -1/24 HPs)
             Began as a Vine Stalker Fighter on Aug 4, 2022.
             Killed by divine providence
             ... invoked by an orc priest
              (10 damage)
             ... on level 3 of the Dungeon.
             The game lasted 00:07:17 (2237 turns).

tizbic2 the Shield-Bearer (Vine Stalker Fighter)    Turns: 2237, Time: 00:07:18

Health: -1/24      AC: 11    Str: 21    XL:     4   Next: 63%
Magic:  0/16       EV:  5    Int:  8    God:
Gold:   76         SH:  4    Dex: 13    Spells: 6/6 levels left

rFire   . . .      SeeInvis .   l - +0 whip (venom)
rCold   . . .      Faith    .   b - +0 buckler
rNeg    . . .      Spirit   +   j - +0 plate armour
rPois   .          Reflect  .   (no helmet)
rElec   .          Harm     .   (no cloak)
rCorr   .          Rampage  .   (no gloves)
Will    .....                   (no boots)
Stlth   ..........              (no amulet)
HPRegen 0.88/turn               n - ring of magical power
MPRegen 0.15/turn               (no ring)

@: no status effects
A: fangs 2, regeneration 1, magic shield, antimagic bite, no potion heal 2
a: no special abilities


You were on level 3 of the Dungeon.
You visited 1 branch of the dungeon, and saw 4 of its levels.

You collected 76 gold pieces.

Inventory:

Hand Weapons
 g - a +0 dagger
 l - a +0 whip of venom (weapon)
Missiles
 e - 47 arrows
 i - 58 stones (quivered)
 k - 5 boomerangs
Armour
 b - a +0 buckler (worn)
 j - a +0 plate armour (worn)
Jewellery
 n - a ring of magical power (left hand)
Scrolls
 a - 4 scrolls of immolation
 d - a scroll of magic mapping
 f - a scroll of amnesia {unknown}
 m - 2 scrolls of teleportation
 o - a scroll of enchant armour {unknown}
Potions
 c - a potion of might
 h - a potion of heal wounds {unknown}
 p - a potion of magic {unknown}


   Skills:
 + Level 3.0 Fighting
 * Level 2.8 Armour
 + Level 3.0 Shields
 * Level 3.0 Unarmed Combat
 + Level 1.8 Spellcasting


You had 6 spell levels left.
You didn't know any spells.
Your spell library contained the following spells:

 Spells                   Type           Power      Damage    Failure   Level
 Summon Small Mammal      Summ           0%         N/A       100%        1
 Call Canine Familiar     Summ           0%         N/A       100%        3
 Ozocubu's Armour         Ice            0%         N/A       100%        3
 Summon Guardian Golem    Hex/Summ       0%         N/A       100%        3
 Ozocubu's Refrigeration  Ice            0%         4d5       100%        7


Dungeon Overview and Level Annotations

Branches:
Dungeon (4/15)
 Temple: D:4-7

Altars:

Shops:
D:3 !


Innate Abilities, Weirdness & Mutations

You have extremely sharp teeth.
Your natural rate of healing is unusually fast.
When hurt, damage is shared between your health and your magic reserves.
Your bite disrupts and absorbs the magic of your enemies.
Potions cannot restore your health.


Message History

Found a war axe.
Found Ozocubu's Autobiography.
An orc comes into view. It is wielding a +0 whip.
The orc shouts!
An orc comes into view. It is wielding a +0 club.
You see here Ozocubu's Autobiography.
You pick up Ozocubu's Autobiography and begin reading...
You add the spells Ozocubu's Armour and Ozocubu's Refrigeration to your library.
An orc priest comes into view. It is wielding a +0 club.
The orc priest shouts!
The orc priest miscasts a cantrip.
You hit the orc. You bite the orc, but do no damage.
The orc is lightly wounded.
The orc barely misses you. The orc hits you with a +0 whip.
You hit the orc but do no damage.
The orc is poisoned.
The orc is lightly wounded.
The orc hits you with a +0 whip.
You hit the orc.
The orc looks as sick as possible!
The orc is heavily wounded.
You kill the orc!
You hit the orc priest but do no damage.
The orc priest is poisoned.
Your bite misses the orc priest.
The orc priest miscasts a cantrip.
You hit the orc priest but do no damage.
The orc priest looks even sicker.
The orc priest hits you but does no damage.
You hit the orc priest but do no damage.
The orc priest looks as sick as possible!
The orc priest hits you with a +0 club.
You barely miss the orc priest. Your bite misses the orc priest.
The orc priest is moderately wounded.
The orc priest invokes the aid of Beogh against you.
Beogh smites you!
The orc priest mumbles some strange prayers to Beogh against you.
Pain shoots through your body!
You barely miss the orc priest. Your bite misses the orc priest.
The orc priest is heavily wounded.
The orc priest invokes the aid of Beogh against you.
Beogh smites you!
You die...

### #.. #.#
..# #o# #o#
#@#####.#
#..)....#
##.#.##.#
#.#.#..#
#.#....####
#.#.......+
#.##...#
#......#
######.#


You could see an orc priest (very poisoned) and an orc.

Vanquished Creatures
  Jessica (D:2)
  2 adders
  A dart slug (D:1)
  3 orcs
  5 bats
  4 endoplasms
  A giant cockroach (D:1)
  3 hobgoblins
  3 quokkas
  7 ball pythons
  A frilled lizard (D:2)
  2 goblins
  9 kobolds
  3 rats
45 creatures vanquished.

Notes
Turn   | Place    | Note
-------+----------+-------------------------------------------
     0 | D:1      | tizbic2 the Vine Stalker Fighter began the quest for the
                  | Orb.
     0 | D:1      | Reached XP level 1. HP: 11/11 MP: 2/2
   442 | D:1      | Reached XP level 2. HP: 16/16 MP: 3/3
   578 | D:1      | Reached skill level 1 in Spellcasting
  1088 | D:1      | Reached XP level 3. HP: 19/19 MP: 5/5
  1571 | D:2      | Noticed Jessica
  1599 | D:2      | Killed Jessica
  1642 | D:2      | Gained mutation: Your natural rate of healing is unusually
                  | fast. [Vine Stalker growth]
  1642 | D:2      | Reached XP level 4. HP: 20/24 MP: 7/7
  1844 | D:2      | You fall into a shaft and drop 2 floors!
  2050 | D:3      | Found Dabbid's Distillery.
  2237 | D:3      | Killed from afar by an orc priest

Illustrated notes

Levels and vault maps discovered:
D:1:      matt_arrival_grand_opening, layout_loops_corners,
          hangedman_abyss_or_decor_lesser_grid
D:2:      layout_rooms, hangedman_decor_points, minmay_fractal_squares_5,
          uniq_jessica, uniq_robin
D:3:      layout_loops_corners, serial_shops, shop, nrook_campfire,
          minmay_ogre_servants, uniq_natasha
D:4:      layout_loops_ring, kennysheep_generic_room_10

Skill      XL: |  1  2  3  4 |
---------------+-------------+-----
Spellcasting   | 1 |  1.8
Fighting       | 3 |  3.0
Shields        | 3 |  3.0
Unarmed Combat | 3 |  3.0
Armour         | |  2.8

Action                   |  1- 3 |  4- 6 || total
-------------------------+-------+-------++-------
Melee: Club              |    22 |       ||    22
       Bite              |    18 |    10 ||    28
       Unarmed           |     4 |    23 ||    27
       Dagger            |    61 |     6 ||    67
       Whip              |       |    33 ||    33
  Use: Scroll            |       |     4 ||     4
Armor: Scale mail        |    36 |       ||    36
       Plate armour      |    13 |    49 ||    62
Dodge: Dodged            |    27 |    21 ||    48
Block: Buckler           |    13 |    15 ||    28
